 Dungeon Crawl Stone Soup version 0.17.0-15-g6d90897 (webtiles) character file.

159 oplop the Skirmisher (level 5, -3/48 HPs)
             Began as a Minotaur Monk on Nov 10, 2015.
             Killed by divine providence
             ... invoked by an orc priest
              (15 damage)
             ... on level 3 of the Dungeon.
             The game lasted 00:04:11 (2688 turns).

oplop the Skirmisher (Minotaur Monk)                Turns: 2688, Time: 00:04:11

Health: -3/48      AC:  3    Str: 16    XL:     5   Next: 17%
Magic:  4/4        EV: 13    Int:  7    God:
Gold:   107        SH:  0    Dex: 13    Spells: 0 memorised, 4 levels left

rFire  . . .     SeeInvis .     h - +4 dagger
rCold  . . .     Clarity  .     d - +0 leather armour
rNeg   . . .     SustAt   .     (no shield)
rPois  .         Gourm    .     (helmet restricted)
rElec  .         Spirit   .     (no cloak)
rCorr  .         Warding  .     (no gloves)
rMut   .         Stasis   .     (no boots)
MR     .....                    (no amulet)
Stlth  +.........               (no ring)
                                (no ring)

@: not resistant to hostile enchantments, very unstealthy
A: retaliatory headbutt, horns 2
a: no special abilities


You were on level 3 of the Dungeon.
You were hungry.

You visited 1 branch of the dungeon, and saw 3 of its levels.

You collected 107 gold pieces.

Inventory:

Hand Weapons
 h - a +4 dagger (weapon)
 r - a +0 flail of crushing
Armour
 a - a +0 robe
 d - a +0 leather armour (worn)
Scrolls
 c - a scroll of teleportation {unknown}
 e - 2 scrolls of identify {unknown}
 g - 2 scrolls of enchant armour {unknown}
 i - 2 scrolls of enchant weapon {unknown}
 l - a scroll of noise {unknown}
 p - 2 scrolls of random uselessness {unknown}
Potions
 j - 2 potions of curing {unknown}
 k - a potion of cancellation {unknown}
 m - a potion of lignification {unknown}
 n - a potion of ambrosia {unknown}
 q - a potion of brilliance {unknown}
 s - 2 potions of heal wounds
 t - a potion of mutation {unknown}
Comestibles
 b - 2 bread rations
 f - 2 meat rations
 o - a beef jerky


   Skills:
 + Level 5.0 Fighting
 + Level 2.6 Armour
 + Level 4.4 Dodging
 - Level 1.5 Stealth
 - Level 4.8 Unarmed Combat


You had 4 spell levels left.
You didn't know any spells.

Dungeon Overview and Level Annotations

Branches:
Dungeon (3/15)

Altars:
Ashenzari


Innate Abilities, Weirdness & Mutations

You reflexively headbutt those who attack you in melee.
You have a pair of horns on your head.


Message History

You hit the orc.
You kill the orc!
The orc priest looks braver for a moment.
The orc hits you with a flail.
You hit the orc priest but do no damage.
You headbutt the orc priest.
The orc priest is moderately wounded.
The orc priest hits you with a dagger.
You hit the orc priest.
The orc priest is moderately wounded.
The orc hits you but does no damage. The orc priest misses you.
You hit the orc priest. Your headbutt misses the orc priest.
The orc priest is heavily wounded.
The orc priest barely misses you. The orc hits you with a flail!
* * * LOW HITPOINT WARNING * * *
You are too injured to fight recklessly!
You are too injured to fight recklessly!
The orc priest invokes the aid of Beogh against you.
Something smites you!
You die...

########)#.#.......#.#.##..
.#########.#.#.#####.#.#.##..
.........#.#.....# #.#.#..'..
#.##########.#.###.#.###.#.####..
#.........##.#.#.#.#.....#.......
........#........................
#######.#.##.#...)o.........#.###
........#.........o..............
######..#.##.###@##########.#.###
...........#.###.........##.#.# #
.#####..#>...............##.#.# #
#####.....#.###..#####...#.#.###
#.........#......#####.#........
#.###...............#.[.........
##.###################..#........
.......................#_#.......
##.###################..#(..#'###


You could see an orc priest and an orc.

Vanquished Creatures
  An orc priest (D:3)
  A gnoll (D:2)
  3 adders
  3 worms (D:2)
  5 giant geckos
  14 orcs
  4 bats
  6 giant cockroaches
  8 goblins
  2 hobgoblins (D:3)
  2 jackals (D:2)
  2 quokkas (D:3)
  3 giant newts
  8 kobolds
  5 rats
67 creatures vanquished.

Notes
Turn   | Place    | Note
--------------------------------------------------------------
     0 | D:1      | oplop the Minotaur Monk began the quest for the Orb.
     0 | D:1      | Reached XP level 1. HP: 19/19 MP: 0/0
   519 | D:1      | Reached XP level 2. HP: 27/27 MP: 1/1
   706 | D:2      | Reached skill level 1 in Armour
   764 | D:2      | Reached XP level 3. HP: 25/33 MP: 2/2
  1298 | D:2      | HP: 1/34 [gnoll/spear (6)]
  1342 | D:2      | HP: 1/34 [gnoll/spear (5)]
  1773 | D:3      | Reached XP level 4. HP: 38/41 MP: 3/3
  1935 | D:3      | Found a shattered altar of Ashenzari.
  2132 | D:3      | Found a faded altar to an unknown god.
  2192 | D:3      | Reached XP level 5. HP: 35/47 MP: 4/4
  2510 | D:3      | Reached skill level 5 in Fighting
  2688 | D:3      | Killed from afar by an orc priest

Action                   |  1- 3 |  4- 6 || total
-------------------------+-------+-------++-------
Melee: Unarmed           |    15 |       ||    15
       Dagger            |    63 |    79 ||   142
 Stab: Sleeping          |     2 |     3 ||     5
  Eat: Royal jelly       |     1 |       ||     1
       Chunk             |       |     3 ||     3
